 Dungeon Crawl Stone Soup version 0.30-a0-371-gad7725a93e (webtiles) character file.

Game seed: 16379471406338363135

0 Spectrina the Ducker (level 1, -1/13 HPs)
             Began as a Deep Elf Monk on Nov 22, 2022.
             Slain by a kobold
             ... wielding a +0 short sword
              (4 damage)
             ... on level 1 of the Dungeon.
             The game lasted 00:00:21 (60 turns).

Spectrina the Ducker (Deep Elf Monk)                  Turns: 60, Time: 00:00:22

Health: -1/13      AC:  2    Str:  8    XL:     1   Next: 8%
Magic:  3/3        EV: 13    Int: 14    God:
Gold:   0          SH:  0    Dex: 17    Spells: 0/0 levels left

rFire   . . .      SeeInvis .    a - +0 short sword
rCold   . . .      Faith    .    (no shield)
rNeg    . . .      Spirit   .    b - +0 robe
rPois   .          Reflect  .    (no helmet)
rElec   .          Harm     .    (no cloak)
rCorr   .          Rampage  .    (no gloves)
Will    .....                    (no boots)
Stlth   ++........               (no amulet)
HPRegen 0.22/turn                (no ring)
MPRegen 0.08/turn                (no ring)

@: no status effects
A: no striking features
a: no special abilities


You were on level 1 of the Dungeon.
You visited 1 branch of the dungeon, and saw 1 of its levels.

Inventory:

Hand Weapons
 a - a +0 short sword (weapon)
Armour
 b - a +0 robe (worn)
Scrolls
 g - 3 scrolls of teleportation {unknown}
Potions
 c - a potion of ambrosia
 d - a potion of lignification {unknown}
 e - a potion of brilliance {unknown}
 f - a potion of heal wounds {unknown}


   Skills:
 - Level 2.4 Fighting
 - Level 3.0 Short Blades
 - Level 3.6 Dodging
 + Level 2.5 Stealth


You couldn't memorise any spells.
You didn't know any spells.
Your spell library was empty.

Dungeon Overview and Level Annotations

Branches:
Dungeon (1/15)

Altars:


Message History

You open the door.
There is an open door here.
Found a glowing silvery potion.
f - a glowing silvery potion
Found 3 scrolls labelled DUERARCHO ERITA.
A kobold comes into view. It is wielding a +0 dagger.
Found 3 gold pieces.
Found 12 gold pieces.
A dart slug comes into view.
A kobold comes into view. It is wielding a +0 short sword.
An endoplasm comes into view.
You see here 3 scrolls labelled DUERARCHO ERITA.
The helpless kobold fails to defend itself.
You puncture the kobold!
You kill the kobold!
Unknown command.
g - 3 scrolls labelled DUERARCHO ERITA You hit the dart slug but do no damage.
The dart slug bites you.
You hit the dart slug.
The dart slug is lightly wounded.
The kobold closely misses you.
You hit the dart slug.
The dart slug is heavily wounded.
The dart slug bites you.
You hit the dart slug.
The dart slug is heavily wounded.
The kobold hits you with a +0 short sword.
You hit the dart slug.
The dart slug is severely wounded.
The kobold barely misses you. The dart slug misses you.
You hit the dart slug.
The dart slug is almost dead.
The kobold hits you with a +0 short sword.
The dart slug launches a dart at you. The slug dart hits you.
* * * LOW HITPOINT WARNING * * *
You hit the dart slug.
You kill the dart slug!
The kobold hits you with a +0 short sword.
You die...

#........J.
#..........##
#............
#..........#
#..........#
#..........#
#.$).......#
#....K.....#
#....@$....#
#..........#
#..........#
#..........#
#.##########
#.# #.# #.#
#.#


You could see a kobold.

Vanquished Creatures
  A dart slug (D:1)
  A kobold (D:1)
2 creatures vanquished.

Notes
Turn   | Place    | Note
-------+----------+-------------------------------------------
     0 | D:1      | Spectrina the Deep Elf Monk began the quest for the Orb.
     0 | D:1      | Reached XP level 1. HP: 13/13 MP: 3/3
    60 | D:1      | Slain by a kobold

Illustrated notes

Levels and vault maps discovered:
D:1:      zaba_arrival_water, layout_basic, corner_web_ring

Action                   || total
-------------------------++-------
Melee: Short sword       ||     8
 Stab: Sleeping          ||     1
Dodge: Dodged            ||     3

Table legend: (Time is in decaauts)
 A = Elapsed time spent in this place.
 B = Non-inter-level travel time spent in this place.
 C = Inter-level travel time spent in this place.
 D = Time resting spent in this place.
 E = Time spent auto-exploring this place.
 F = Levels seen in this place.
 G = Mean time per level.
                   A        B        C        D        E       F      G
               +--------+--------+--------+--------+--------+-----+--------+
         Total |     65 |     65 |      0 |      0 |      0 |   1 |   65.0 |
       Dungeon |     65 |     65 |      0 |      0 |      0 |   1 |   65.0 |
               +--------+--------+--------+--------+--------+-----+--------+

Top non-repeatable levels by time:
     D:1: 65 daAuts
